AoeStats
← hK | RanDoM

Arabian Desert

510664208Analyzed
1v1 RM · 1d ago on Oct 2, 2026· 17m 46s· 2 players
Game mode
Random Map
Map size
Tiny (2 player)
Population
200
Speed
Normal
Resources
Standard
Victory
Conquest
Starting age
Dark Age
Ending age
Imperial Age
RankedLock teamsTeams togetherTeam positionsShared explorationLock speedFull tech treeHidden civsTurbo modeCheats
Victory
Defeat
🇨🇱 Huns · Chile
2541
+3
🇲🇽 Khmer · Mexico
2144
-3
AiM | Whocl
8:15 Feudal Age
10:11 Double-Bit Axe
10:13 Loom
15:31 Fletching
hK | RanDoM
6:43 Loom
8:50 Feudal Age
10:42 Horse Collar
12:55 Double-Bit Axe
16:59 Forging
Connection lost

Rejoining the realm…

Still unreachable

The connection could not be restored.

Session expired

The server has moved on; the page needs a fresh start.